 Dungeon Crawl Stone Soup version 0.28.0 (webtiles) character file.

Game seed: 16036094559329888267

65 H0rd4k the Magician (level 3, -1/19 HPs)
             Began as a Deep Elf Hedge Wizard on Feb 11, 2022.
             Slain by Grinder (2 damage)
             ... while paralysed by Grinder
             ... on level 3 of the Dungeon.
             The game lasted 00:03:34 (2726 turns).

H0rd4k the Magician (Deep Elf Hedge Wizard)         Turns: 2726, Time: 00:03:35

Health: -1/19      AC:  2    Str:  7    XL:     3   Next: 94%
Magic:  10/12      EV:  2    Int: 20    God:
Gold:   68         SH:  0    Dex: 14    Spells: 2/13 levels left

rFire   . . .      SeeInvis .   o - +1 dagger (flame)
rCold   . . .      Faith    .   (no shield)
rNeg    . . .      Spirit   .   b - +0 robe
rPois   .          Reflect  +   c - +0 hat
rElec   .          Harm     .   (no cloak)
rCorr   .          Rampage  .   (no gloves)
Will    .....                   (no boots)
Stlth   ++........              k - amulet of reflection
HPRegen 0.06/turn               (no ring)
MPRegen 0.13/turn               (no ring)

@: paralysed, mighty, on blink cooldown
A: no striking features
a: no special abilities


You were on level 3 of the Dungeon.
You visited 1 branch of the dungeon, and saw 3 of its levels.

You collected 68 gold pieces.

Inventory:

Hand Weapons
 o - a +1 dagger of flaming (weapon)
Missiles
 d - 12 poisoned darts
Armour
 b - a +0 robe (worn)
 c - a +0 hat (worn)
Magical Staves
 n - a staff of air
Jewellery
 k - an amulet of reflection (around neck)
Scrolls
 e - a scroll of acquirement {unknown}
 g - 3 scrolls of identify
 h - 2 scrolls of silence {unknown}
 i - a scroll of enchant weapon {unknown}
 p - a scroll of blinking {unknown}
Potions
 a - a potion of flight {unknown}
 f - a potion of attraction
 j - a potion of mutation {unknown}
 l - a potion of curing {unknown}
 m - a potion of might
 q - a potion of heal wounds {unknown}


   Skills:
 + Level 3.0 Dodging
 + Level 2.6 Stealth
 + Level 5.7 Spellcasting
 + Level 2.1 Conjurations
 - Level 1.1 Summonings
 + Level 1.1 Translocations
 * Level 0.2 Air Magic


You had 2 spell levels left.
You knew the following spells:

 Your Spells              Type           Power      Damage    Failure   Level
a - Magic Dart            Conj           56%        1d5       4%          1
b - Blink                 Tloc           20%        N/A       11%         2
c - Scorch                Fire           10%        2d5       16%         2
d - Conjure Flame         Conj/Fire      10%        6-21      21%         3
e - Mephitic Cloud        Conj/Pois/Air  9%         N/A       22%         3

Your spell library contained the following spells:

 Spells                   Type           Power      Damage    Failure   Level
 Slow                     Hex            20%        N/A       11%         1
 Call Imp                 Summ           10%        N/A       11%         2
 Portal Projectile        Hex/Tloc       14%        N/A       26%         3
 Iskenderun's Mystic Bla  Conj/Tloc      12%        2d5       47%         4
 Flame Wave               Conj/Fire      10%        2d5       56%         4
 Fulminant Prism          Conj/Hex       5%         3d7       56%         4
 Blade Hands              Tmut           2%         N/A       96%         5
 Excruciating Wounds      Necr           2%         N/A       96%         5
 Lee's Rapid Deconstruct  Erth           2%         3d6*      96%         5
 Summon Cactus Giant      Summ           5%         N/A       100%        6


Dungeon Overview and Level Annotations

Branches:
Dungeon (3/15)

Altars:

Shops:
D:2 =   D:3 [

Annotations:
D:2 exclusion: downstairs
D:3 Grinder


Message History

(D) Dungeon
Where to? (Enter - D:3, ? - help)
There is an open door here.
There is a stone staircase leading down here.
You climb downwards.
Level annotation: Grinder
Found a book of Blasting and 7 gold pieces.
There is a stone staircase leading up here.
You pick up a book of Blasting and begin reading...
You add the spells Fulminant Prism, Iskenderun's Mystic Blast and Lee's Rapid Deconstruction to your library.
You now have 68 gold pieces (gained 7).
Grinder shouts!
Grinder gestures at you.
You suddenly lose the ability to move!
Grinder gestures at you.
You barely resist. Grinder hits you. x2
You writhe in agony.
You can move again.
As you read the scroll labelled GAOTOMAURCH, it crumbles to dust.
It is a scroll of identify.
f - a potion of attraction Grinder hits you.
* * * LOW HITPOINT WARNING * * *
You writhe in agony.
* * * LOW HITPOINT WARNING * * *
Unknown command.
Casting: Magic Dart (safe; 4% risk of failure)
Confirm with . or Enter, or press ? or * to list all spells.
You blink.
Unknown command.
It was a potion of might.
You feel very mighty all of a sudden.
Grinder rolls her eyes.
Grinder gestures at you.
You suddenly lose the ability to move!
Grinder hits you.
* * * LOW HITPOINT WARNING * * *
You writhe in agony.
You die...

#.<........###.....###....
#...........##............
#............#.....#.##...
#..........#.#.>.†.#......
#..........#.......####...
#######..####....#### ###.
##..# ####....## ## ##.##
#).##..### # #@.##
#.####...### ##5.# #.#
##..... ##.# #.# #.....
#.# #.# ##..... #.###.#
#.....# #.##..####.....#
#.#........#...#
#...............
#.........8...8.


You could see Grinder.

Vanquished Creatures
  3 adders (D:2)
  A dart slug (D:1)
  An orc (D:3)
  3 ball pythons (D:1)
  An endoplasm (D:3)
  2 giant cockroaches
  6 goblins
  2 hobgoblins
  A kobold (D:3)
  2 quokkas
  5 bats
  3 frilled lizards (D:2)
  6 rats
36 creatures vanquished.

Notes
Turn   | Place    | Note
-------+----------+-------------------------------------------
     0 | D:1      | H0rd4k the Deep Elf Hedge Wizard began the quest for the
                  | Orb.
     0 | D:1      | Reached XP level 1. HP: 10/10 MP: 7/7
   330 | D:1      | Found a faded altar of an unknown god.
   406 | D:1      | Reached XP level 2. HP: 15/15 MP: 3/9
   472 | D:1      | Reached skill level 5 in Spellcasting
  1181 | D:2      | Reached XP level 3. HP: 19/19 MP: 3/11
  1184 | D:2      | Learned a level 2 spell: Blink
  1254 | D:2      | Found Deaheh's Jewellery Emporium.
  1411 | D:2      | Learned a level 2 spell: Scorch
  1415 | D:2      | Learned a level 3 spell: Conjure Flame
  1419 | D:2      | Learned a level 3 spell: Mephitic Cloud
  2569 | D:3      | Found Jotwuh's Armour Shop.
  2644 | D:3      | Noticed Grinder
  2712 | D:3      | Paralysed by Grinder for 7 turns
  2723 | D:3      | Paralysed by Grinder for 4 turns
  2726 | D:3      | Slain by Grinder

Illustrated notes

Levels and vault maps discovered:
D:1:      dpeg_arrival_solitude, layout_loops_ring,
          shapermc_ecumenical_altar_gd, minmay_pentomino_u2
D:2:      layout_basic, serial_shops, nicolae_shop_crystal
D:3:      layout_rooms, serial_shops, nicolae_diamond_shop, chequers_garden,
          minmay_misc_feat_four_crosses, uniq_grinder

Skill      XL: |  1  2  3 |
---------------+----------+-----
Spellcasting   | 5 |  5.7
Dodging        | 3 |  3.0
Conjurations   | 2 |  2.1
Stealth        | |  2.6
Summonings     | |  1.1
Translocations | |  1.1
Air Magic      | |  0.2

Action                   || total
-------------------------++-------
Melee: Dagger            ||     1
 Cast: Magic Dart        ||    90
       Blink             ||     1
       Scorch            ||     1
  Use: Scroll            ||     1
       Potion            ||     1
Armor: Robe              ||     3
Dodge: Dodged            ||    13
